 Dungeon Crawl Stone Soup version 0.27.1-33-g824d729ab1 (webtiles) character file.

Game seed: 8392985730132856229

41 Destapler the Skirmisher (level 3, 34/34 HPs)
             Began as a Minotaur Fighter on Dec 5, 2021.
             Was a Follower of Jiyva.
             Got out of the dungeon alive.
             The game lasted 00:01:53 (1220 turns).

Destapler the Skirmisher (Minotaur Fighter)         Turns: 1220, Time: 00:01:54

Health: 34/34      AC:  9    Str: 19 (21) XL:     3   Next: 32%
Magic:  2/2        EV:  7    Int:  2 (5)  God:    Jiyva [*.....]
Gold:   51         SH:  9    Dex:  8 (9)  Spells: 2/2 levels left

rFire    . . .     SeeInvis .   a - +0 long sword
rCold    . . .     Faith    .   c - +0 kite shield
rNeg     . . .     Spirit   .   b - +0 scale mail
rPois    .         Reflect  .   (helmet restricted)
rElec    .         Harm     .   (no cloak)
rCorr    .         Rampage  .   f - +1 pair of gloves
Will     .....                  (no boots)
Stlth    ..........             (no amulet)
HPRegen  0.11/turn              (no ring)
MPRegen  0.08/turn              (no ring)

@: no status effects
A: horns 2, retaliatory headbutt
a: Renounce Religion, Request Jelly


You escaped.
You worshipped Jiyva.
Jiyva was aware of your devotion.
You visited 1 branch of the dungeon, and saw 2 of its levels.

You collected 51 gold pieces.

Inventory:

Hand Weapons
 a - a +0 long sword (weapon)
Missiles
 j - 14 poisoned darts (quivered)
Armour
 b - a +0 scale mail (worn)
 c - a +0 kite shield (worn)
 f - a +1 pair of gloves (worn)
Scrolls
 g - a scroll of blinking {unknown}
 i - a scroll of magic mapping {unknown}
Potions
 d - a potion of might
 e - a potion of curing {unknown}
 h - a potion of berserk rage {unknown}
 k - a potion of resistance {unknown}
 l - a potion of attraction {unknown}


   Skills:
 * Level 4.6 Fighting
 - Level 2.5 Long Blades
 + Level 4.1 Armour
 + Level 4.1 Shields


You had 2 spell levels left.
You didn't know any spells.
Your spell library contained the following spells:

 Spells                   Type           Power      Damage    Failure   Level
 Slow                     Hex            0%         N/A       100%        2
 Confusing Touch          Hex            0%         N/A       100%        3
 Vampiric Draining        Necr           0%         2d6       100%        3


Dungeon Overview and Level Annotations

Branches:
Dungeon (2/15)

Altars:
Jiyva


Innate Abilities, Weirdness & Mutations

You have a pair of horns on your head.
You reflexively headbutt those who attack you in melee.


Message History

You now have 51 gold pieces (gained 9).
Found a faded altar of an unknown god.
No target in view!
There is a faded altar of an unknown god here.
Found a bubbling dark potion.
No target in view!
l - a bubbling dark potion No target in view!
Search for what [? for help]? alt
There is an open door here.
There is a faded altar of an unknown god here.
You cannot tell which god this altar belongs to.
Convert to them anyway?
Jiyva accepts your prayer! Jiyva welcomes you! Jiyva grants you a jelly!
You can now request a jelly.
(D) Dungeon
Where to? (Enter - D:2 @ (x,y), ? - help)
You hear a distant slurping noise. x4
You swap places.
You hear a distant slurping noise.
You hear a distant slurping noise.
Jiyva appreciates your sacrifice.
You hear a distant slurping noise.
You hear a distant slurping noise.
There is an open door here.
You hear a distant slurping noise.
You hear a distant slurping noise.
You see here 12 stones.
You hear a distant slurping noise.
There is a stone staircase leading up here.
You climb upwards.
There is a stone staircase leading down here.
(D) Dungeon
Where to? (Enter - D:1, ? - help)
Okay, then.
You see here a +0 club.
There is an open door here.
There is a staircase leading out of the dungeon here.
Are you sure you want to leave the Dungeon?
This will make you lose the game!
You have escaped!

##.# #.# #........#.#.
...# ####.##
#........#### ...#
#.....#########........#
...##
#.###...........########
....###.# #...#####...#
........# #...#...#...#
##.####.# #.###.8.###.#
...# #.# #.#.......#.#
#### #.# #.+.8.@.8.'.#
#.# #.#.......#.# #.#
#.###.8.###.# #.#
#...#...#...# #.#
#...#####...# #.#
#...........# #.#
#.#########.# #.#
#...........# #.#
#.###########


There were no monsters in sight!

Vanquished Creatures
  4 endoplasms
  A giant cockroach (D:1)
  4 goblins
  6 hobgoblins
  2 jackals (D:2)
  4 quokkas (D:1)
  2 ball pythons
  5 bats
  2 frilled lizards
  2 kobolds (D:1)
  4 rats
36 creatures vanquished.

Vanquished Creatures (others)
  An endoplasm (D:2)
  A kobold (D:2)
  7 fungi (D:2)
  8 toadstools (D:2)
17 creatures vanquished.

Grand Total: 53 creatures vanquished

Notes
Turn   | Place    | Note
-------+----------+-------------------------------------------
     0 | D:1      | Destapler the Minotaur Fighter began the quest for the Orb.
     0 | D:1      | Reached XP level 1. HP: 19/19 MP: 0/0
   171 | D:1      | Reached XP level 2. HP: 27/27 MP: 1/1
   753 | D:2      | Reached XP level 3. HP: 34/34 MP: 2/2
  1006 | D:2      | Found a faded altar of an unknown god.
  1131 | D:2      | Became a worshipper of Jiyva Jioheut the Shapeless
  1131 | D:2      | Reached * piety under Jiyva
  1220 | D:$      | Got out of the dungeon alive.

Illustrated notes

Levels and vault maps discovered:
D:1:      dpeg_arrival_simpleton_c, layout_basic, minmay_unequal
D:2:      cheibrodos_fertilizer, layout_basic, basic_ecumenical_altar

Skill      XL: |  1  2 |
---------------+-------+-----
Fighting       | 4 |  4.6
Armour         | 4 |  4.1
Shields        | 4 |  4.1
Long Blades    | |  2.5

Action                   || total
-------------------------++-------
Melee: Long sword        ||    67
       Headbutt          ||    13
  Use: Potion            ||     2
Armor: Scale mail        ||    38
Dodge: Dodged            ||    27
Block: Kite shield       ||    39
       Rpst.: Long sword ||    10
